 Dungeon Crawl Stone Soup version coffee-0.2.0 (webtiles) character file.

Game seed: 3464545753515875133, levelgen mode: deterministic

8254 Dorkslayer the Covert (level 11, -4/67 HPs)
             Began as an Octopode Conjurer on Oct 16, 2020.
             Was an Elder of Sif Muna.
             Killed from afar by a red draconian (41 damage)
             ... with an exploding inner flame
             ... hexed by the player character
             ... on level 10 of the Dungeon.
             The game lasted 00:58:00 (10430 turns).

Dorkslayer the Covert (Octopode Conjurer)          Turns: 10430, Time: 00:58:01

Health: -4/67      AC:  5    Str:  8    XL:     11   Next: 28%
Magic:  0/20       EV: 18    Int: 24    God:    Sif Muna [****..]
Gold:   246        SH:  0    Dex: 17    Spells: 4/22 levels left

rFire    . . .     SeeInvis +   h - +2 falchion (vamp)
rCold    . . .     Gourm    .   (no shield)
rNeg     + + .     Faith    +   (helmet restricted)
rPois    +         Spirit   .   A - amulet of faith
rElec    +         Reflect  .   i - +4 ring of protection
rCorr    +         Harm     .   k - ring of stealth
MR       .....                  r - ring of resist corrosion
Stlth    +++++++...             t - ring of positive energy
HPRegen  0.21/turn              D - ring of positive energy
MPRegen  0.17/turn              o - ring of Divine Intervention {+Fly rElec rPois SInv}
                                K - +4 ring of intelligence
                                L - +4 ring of dexterity

@: very slightly contaminated
A: almost no armour, stealthy swim, amphibious, 8 rings, constrict 8, camouflage
1, gelatinous body 1
a: Channel Magic, Forget Spell, Divine Exegesis, Renounce Religion, Evoke Flight


You were on level 10 of the Dungeon.
You worshipped Sif Muna.
Sif Muna was greatly pleased with you.
You were not hungry.

You visited 2 branches of the dungeon, and saw 11 of its levels.

You collected 516 gold pieces.
You spent 270 gold pieces at shops.

Inventory:

Hand Weapons
 h - a +2 vampiric falchion (weapon)
 n - a cursed +4 long sword
 F - a +2 dagger of flaming
Missiles
 l - 13 poisoned darts
 s - 10 boomerangs (quivered)
 I - 4 atropa-tipped darts
 M - a javelin
Jewellery
 i - a +4 ring of protection (left tentacle)
 k - a ring of stealth (right tentacle)
 o - the ring of Divine Intervention (on tentacle) {+Fly rElec rPois SInv}
   (You acquired it on level 8 of the Dungeon)

   [ring of flight]

   It insulates you from electricity.
   It protects you from poison.
   It lets you see invisible.
   It lets you fly.
 r - a ring of resist corrosion (on tentacle)
 t - a ring of positive energy (on tentacle)
 A - an amulet of faith (around mantle)
 D - a ring of positive energy (on tentacle)
 K - a +4 ring of intelligence (on tentacle)
 L - a +4 ring of dexterity (on tentacle)
Wands
 c - a wand of scattershot (6)
 v - a wand of flame (14)
 E - a wand of digging (4)
Scrolls
 d - 3 scrolls of immolation
 f - 7 scrolls of remove curse
 g - 2 scrolls of blinking
 j - 4 scrolls of enchant armour
 q - 4 scrolls of amnesia
 u - 3 scrolls of enchant weapon
 y - 6 scrolls of teleportation
 z - 2 scrolls of fear
 G - a scroll of fog
 J - a scroll of holy word
Potions
 a - 2 potions of curing
 e - 2 potions of flight
 p - 2 potions of heal wounds
 x - a potion of resistance
 H - 2 potions of brilliance
Miscellaneous
 m - a phial of floods (inert)
 w - a lamp of fire (inert)
 B - a tin of tremorstones
Comestibles
 b - 17 rations
 C - a chunk of flesh


   Skills:
 + Level 3.4(7.4) Fighting
 + Level 6.0 Long Blades
   Level 1.1(3.9) Maces & Flails
 + Level 4.7 Throwing
 + Level 4.6(7.8) Dodging
 + Level 8.3(11.6) Stealth
 + Level 6.3(8.1) Spellcasting
 + Level 6.6(7.4) Conjurations
 + Level 2.7(5.7) Translocations
 + Level 1.1(5.3) Fire Magic
 + Level 3.6(6.0) Air Magic
 * Level 7.0(8.0) Invocations
 * Level 5.8(7.3) Evocations


You had 4 spell levels left.
You knew the following spells:

 Your Spells              Type           Power        Failure   Level  Hunger
a - Magic Dart            Conj           ####         1%          1    None
b - Iskenderun's Mystic   Conj/Tloc      #####...     4%          4    ##.....
c - Airstrike             Air            #####.....   5%          4    ##.....
d - Inner Flame           Hex/Fire       #####...     2%          3    None
e - Fireball              Conj/Fire      #####.....   13%         5    #####..
f - Foxfire               Conj/Fire      ####         1%          1    None

Your spell library contained the following spells:

 Spells                   Type           Power        Failure   Level  Hunger
 Shock                    Conj/Air       ####         1%          1    None
 Summon Small Mammal      Summ           ####         1%          1    None
 Call Imp                 Summ           ####....     1%          2    None
 Searing Ray              Conj           #####.       1%          2    None
 Swiftness                Chrm/Air       #####...     1%          2    None
 Conjure Flame            Conj/Fire      #####...     1%          3    None
 Dazzling Flash           Conj/Hex       #####.       1%          3    None
 Gell's Gravitas          Tloc           #####.....   1%          3    None
 Static Discharge         Conj/Air       #####...     1%          3    None
 Call Canine Familiar     Summ           ####....     2%          3    None
 Confusing Touch          Hex            ####....     2%          3    None
 Summon Guardian Golem    Hex/Summ       ####....     2%          3    None
 Fulminant Prism          Conj/Hex       #####.....   4%          4    ##.....
 Sticky Flame             Conj/Fire      #####...     4%          4    ##.....
 Summon Ice Beast         Ice/Summ       #####...     6%          4    ##.....
 Summon Lightning Spire   Summ/Air       #####...     6%          4    ##.....
 Petrify                  Tmut/Erth      ####....     8%          4    ##.....
 Lightning Bolt           Conj/Air       #####.....   11%         5    #####..
 Metabolic Englaciation   Hex/Ice        #####.....   16%         5    #####..
 Yara's Violent Unravell  Hex/Tmut       ####......   22%         5    #####..


Dungeon Overview and Level Annotations

Branches:
Dungeon (10/10)            Temple (1/1) D:2             Zot (0/1) D:10

Altars:
Ashenzari
Cheibriados
Dithmenos
Elyvilon
Fedhas
Gozag
Hepliaklqana
Kikubaaqudgha
Makhleb
Nemelex Xobeh
Okawaru
Qazlal
Ru
Sif Muna
Trog
Uskayaw
Vehumet
Wu Jian
Xom
Yredelemnul
Zin
The Shining One

Shops:
D:1 !   D:6 ?


Innate Abilities, Weirdness & Mutations

You cannot wear most types of armour.
You are very stealthy in the water. (Stealth+)
You are amphibious.
You can wear up to eight rings at the same time.
You can use your tentacles to constrict eight enemies at once.
Your skin changes colour to match your surroundings (Stealth+).
Your rubbery body absorbs attacks. (AC +1, EV +1)


Message History

The storm dragon is lightly wounded.
The storm dragon is knocked back by the mystic blast.
The mystic blast hits the red draconian.
The red draconian is almost dead.
The red draconian is knocked back by the mystic blast.
The red draconian violently stops moving!
You constrict the red draconian, but do no damage.
Casting: Iskenderun's Mystic Blast (safe; 4% risk of failure)
Confirm with . or Enter, or press ? or * to list all spells.
Aiming: Inner Flame (safe; 2% risk of failure)
Press: ? - help, Shift-Dir - straight line, f - red draconian
Aim: a red draconian, wielding a +0 trident (black smoke, almost dead, constricted by you, catching its breath, chance to defeat MR: 76%)
The red draconian is filled with an inner flame.
You constrict the red draconian.
The red draconian explodes!
The fiery explosion engulfs the storm dragon!!
The storm dragon is heavily wounded.
The fiery explosion engulfs you!!!
Ouch! That really hurt!
You die...

.............#
.............##≈...#....
.............#≈≈...#.8...
######.......#≈...##....§§
.....#.......#§.§.#..§§§§≈§
.....#.......#§§§§#.8§≈.∩§§.
##...#.......#≈§D§#..§§§§§§..
.#...# ....).#≈§§§##....§....#
.#...# ......#≈§@§.#q8.....8.#§.
.#...###.....##≈...#....8..d.#...
.#.....#.....##≈...####...####...
.#.....#.....##≈..≈...#####...≈..
.#.....#.....##§○≈...§§§.......§.
.#.....'.....##§≈.§§§..§≈≈....§.≈
'#.....#.....###≈≈≈§≈≈.§...≈§≈§≈
.......#.....########≈§...≈≈#####
.......#..................)......


You could see a storm dragon and a red draconian scorcher.

Vanquished Creatures
  A two-headed ogre (D:8)
  An unseen horror (D:10)
  Psyche (D:10)
  A red draconian (D:10)
  A yellow draconian (D:10)
  Prince Ribbit (D:7)
  4 hippogriffs
  Sigmund (D:2)
  A vampire (D:10)
  A wyvern (D:8)
  4 yaks (D:10)
  A hungry ghost (D:7)
  A water moccasin (D:9)
  Duvessa (D:4)
  A hornet zombie (D:7)
  An ice beast (D:8)
  2 orc warriors
  A phantom (D:4)
  3 ogres
  3 centaurs
  4 big kobolds
  5 bullfrogs
  A gnoll sergeant (D:7)
  Dowan (D:4)
  A water moccasin skeleton (D:7)
  3 scorpions
  9 killer bees
  8 wights
  4 howler monkeys (D:7)
  A quasit (D:9)
  2 centaur zombies
  3 jellies
  2 bullfrog zombies
  An orc priest (D:9)
  2 hounds
  A bullfrog skeleton (D:7)
  3 iguanas
  Ijyb (D:3)
  Natasha (thrice) (D:2)
  6 orc wizards
  Terence (D:3)
  4 worker ants
  2 killer bee zombies
  A hound skeleton (D:2)
  6 adders
  7 gnolls
  4 shadow imps
  A worm (D:2)
  3 dart slugs
  16 orcs
  5 giant cockroaches
  4 hobgoblins
  6 jackals
  20 kobolds
  2 quokkas
  7 bats
  3 frilled lizards
  3 goblins
  5 rats
192 creatures vanquished.

Vanquished Creatures (collateral kills)
  A troll (D:9)
  A hungry ghost (D:9)
  A wight (D:6)
3 creatures vanquished.

Grand Total: 195 creatures vanquished

Notes
Turn   | Place    | Note
-------+----------+-------------------------------------------
     0 | D:1      | Dorkslayer the Octopode Conjurer began the quest for the
                  | Orb.
     0 | D:1      | Reached XP level 1. HP: 11/11 MP: 3/3
   451 | D:1      | Found Onoesy's Distillery.
   453 | D:1      | Reached XP level 2. HP: 17/17 MP: 5/5
   610 | D:1      | Reached skill level 1 in Maces & Flails
   709 | D:1      | Reached XP level 3. HP: 18/21 MP: 3/6
   828 | D:1      | Reached skill level 3 in Stealth
  1044 | D:2      | Noticed Sigmund
  1194 | D:2      | Found a staircase to the Ecumenical Temple.
  1198 | Temple   | Entered the Ecumenical Temple
  1362 | Temple   | Became a worshipper of Sif Muna the Loreminder
  1491 | D:2      | Reached XP level 4. HP: 18/27 MP: 2/7
  1684 | D:2      | Found a faded altar of an unknown god.
  1702 | D:2      | Reached skill level 1 in Fighting
  1861 | D:2      | Learned a level 4 spell: Iskenderun's Mystic Blast
  1924 | D:2      | Noticed Natasha
  1930 | D:2      | Killed Natasha
  1930 | D:2      | Reached skill level 4 in Stealth
  1930 | D:2      | Reached XP level 5. HP: 33/33 MP: 8/8
  1970 | D:2      | Noticed Natasha
  1978 | D:2      | Killed Natasha
  2106 | D:2      | Killed Sigmund
  2106 | D:2      | Reached skill level 1 in Long Blades
  2106 | D:2      | Reached skill level 5 in Stealth
  2106 | D:2      | Reached XP level 6. HP: 31/38 MP: 3/9
  2276 | D:2      | Noticed Natasha
  2281 | D:2      | Killed Natasha
  2588 | D:3      | Noticed Ijyb
  2618 | D:3      | Killed Ijyb
  2787 | D:3      | Noticed Terence
  2822 | D:3      | Killed Terence
  3075 | D:3      | Reached XP level 7. HP: 34/44 MP: 11/11
  3317 | D:4      | Reached * piety under Sif Muna
  3317 | D:4      | Reached skill level 1 in Throwing
  3333 | D:4      | Noticed Duvessa
  3333 | D:4      | Noticed Dowan
  3353 | D:4      | Killed Duvessa
  3353 | D:4      | Reached skill level 6 in Stealth
  3353 | D:4      | Reached skill level 5 in Conjurations
  3359 | D:4      | Killed Dowan
  4015 | D:5      | Entered Level 5 of the Dungeon
  4076 | D:5      | Reached XP level 8. HP: 50/50 MP: 12/12
  4200 | D:5      | Reached skill level 1 in Invocations
  4200 | D:5      | Reached skill level 1 in Evocations
  4240 | D:5      | Learned a level 4 spell: Airstrike
  4735 | D:5      | Found a glowing golden altar of the Shining One.
  5115 | D:6      | Reached skill level 7 in Stealth
  5250 | D:6      | Reached skill level 1 in Translocations
  5368 | D:6      | Found Dounkuaq's Magic Scroll Boutique.
  5372 | D:6      | Bought a scroll of blinking for 90 gold pieces
  5372 | D:6      | Bought a scroll of enchant weapon for 90 gold pieces
  5372 | D:6      | Bought a scroll of enchant weapon for 90 gold pieces
  5439 | D:6      | Reached ** piety under Sif Muna
  5601 | D:6      | Found a white marble altar of Elyvilon.
  5966 | D:7      | Noticed Prince Ribbit
  5970 | D:7      | Killed Prince Ribbit
  5970 | D:7      | Reached XP level 9. HP: 55/55 MP: 14/14
  6360 | D:7      | Found a blossoming altar of Fedhas.
  6657 | D:7      | Found a hazy altar of Hepliaklqana.
  6657 | D:7      | Found a glowing golden altar of the Shining One.
  6692 | D:7      | Reached *** piety under Sif Muna
  6830 | D:7      | Found a radiant altar of Vehumet.
  6871 | D:7      | Found a bloodstained altar of Trog.
  7300 | D:8      | Reached skill level 1 in Air Magic
  7360 | D:8      | Noticed a two-headed ogre
  7371 | D:8      | Killed a two-headed ogre
  7371 | D:8      | Reached skill level 5 in Long Blades
  7371 | D:8      | Reached skill level 5 in Spellcasting
  7371 | D:8      | Reached XP level 10. HP: 62/62 MP: 5/17
  7617 | D:8      | Noticed a +0 dagger
  7618 | D:8      | Noticed a +0 dagger
  7619 | D:8      | Found a hide-covered altar of Uskayaw.
  7663 | D:8      | Reached skill level 5 in Invocations
  7881 | D:8      | Identified the ring of Divine Intervention {+Fly rElec
                  | rPois SInv} (You acquired it on level 8 of the Dungeon)
  8734 | D:9      | Reached **** piety under Sif Muna
  8757 | D:9      | Reached skill level 8 in Stealth
  9102 | D:10     | Entered Level 10 of the Dungeon
  9149 | D:10     | Reached skill level 5 in Evocations
  9298 | D:10     | Noticed an unseen horror
  9305 | D:10     | Killed an unseen horror
  9311 | D:10     | Noticed Psyche
  9543 | D:10     | Killed Psyche
  9553 | D:10     | Reached XP level 11. HP: 55/67 MP: 4/19
  9709 | D:10     | Learned a level 3 spell: Inner Flame
  9715 | D:10     | Learned a level 5 spell: Fireball
  9717 | D:10     | Learned a level 1 spell: Foxfire
  9881 | D:10     | Reached skill level 1 in Fire Magic
 10418 | D:10     | Noticed a red draconian scorcher
 10419 | D:10     | Found a gate to the Realm of Zot.
 10424 | D:10     | Noticed a storm dragon
 10430 | D:10     | Killed from afar by a red draconian

Levels and vault maps discovered:
D:1:      elethiomel_arrival_quiet, layout_basic, serial_shops,
          kennysheep_mini_moat
D:2:      layout_loops_ring, minmay_temple_entry_steel_oval,
          chequers_ecumenical_altar_island, uniq_sigmund, uniq_natasha
D:3:      layout_basic, uniq_ijyb, uniq_terence
D:4:      minmay_spotlight, layout_loops_ring, uniq_duvessa
D:5:      layout_basic, first_ration, minmay_misc_feat_hallway,
          minmay_misc_feat_room, tso_metal_star
D:6:      layout_gridville, elyvilon_altar_4, serial_shops, kennysheep_mini,
          minmay_microvault
D:7:      layout_cave_pools, old_standard_altar, lemuel_coloured_pillars_altar,
          kennysheep_little_box, amethyst_overflow_temple_binary,
          uniq_prince_ribbit1
D:8:      layout_cave_pods, dancing_weapons_uskayaw, blue_anna_alchemist
          [blue_anna_fruit_fields, blue_anna_fruit_fields]
D:9:      layout_cave_pods
D:10:     evilmike_zot_entry_round, layout_irregular_city, uniq_psyche
Temple:   regret_index_temple_generic_petals

Skill      XL: |  1  2  3  4  5  6  7  8  9 10 11 |
---------------+----------------------------------+-----
Maces & Flails | 1 |  1.1
Stealth        | 3 4 5 6 7 8 |  8.3
Fighting       | 1 2 3 |  3.4
Long Blades    | 1 2 3 4 5 6 |  6.0
Dodging        | 3 4 |  4.6
Throwing       | 1 3 4 |  4.7
Spellcasting   | 3 5 6 |  6.3
Conjurations   | 5 6 |  6.6
Invocations    | 3 4 6 7 |  7.0
Evocations     | 3 4 5 |  5.8
Translocations | 1 2 |  2.7
Air Magic      | 1 3 |  3.6
Fire Magic     | 1 |  1.1

Action                   |  1- 3 |  4- 6 |  7- 9 | 10-12 || total
-------------------------+-------+-------+-------+-------++-------
Melee: Mace              |    32 |       |       |       ||    32
       Constrict         |    16 |    14 |    31 |    18 ||    79
       Tentacles         |     4 |     6 |    35 |    32 ||    77
       Falchion          |    15 |    63 |   144 |    96 ||   318
       Punch             |       |     2 |     1 |     5 ||     8
Throw: Dart              |       |     9 |    17 |    32 ||    58
       Boomerang         |       |       |    41 |    11 ||    52
       Javelin           |       |       |       |     6 ||     6
 Cast: Magic Dart        |    26 |    36 |   120 |    45 ||   227
       Iskenderun's Myst |       |     1 |    27 |    23 ||    51
       Airstrike         |       |       |     5 |    18 ||    23
       Fireball          |       |       |       |     1 ||     1
       Inner Flame       |       |       |       |     1 ||     1
Evoke: Wand              |       |       |    14 |     2 ||    16
       Tin of tremorston |       |       |       |     2 ||     2
       Lamp of fire      |       |       |       |     1 ||     1
       Phial of floods   |       |       |       |     1 ||     1
  Use: Potion            |       |     1 |     4 |     4 ||     9
       Scroll            |       |       |     2 |     3 ||     5
 Stab: Sleeping          |     6 |     3 |    11 |     1 ||    21
       Invisible         |       |     2 |     3 |     2 ||     7
  Eat: Ration            |     1 |       |     3 |     3 ||     7
       Chunk             |       |     4 |     8 |     5 ||    17
Armor: Skin              |     6 |    19 |    21 |    26 ||    72
Dodge: Dodged            |    34 |    40 |    79 |   145 ||   298
       Rpst.: Falchion   |     3 |    12 |    18 |    32 ||    65
